 Dungeon Crawl Stone Soup version 0.27-a0-1532-gca18f49f40 (webtiles) character file.

Game seed: 14871418570865666824

19660 Demosthentine the Spear-Bearer (level 12, -2/100 HPs)
             Began as a Merfolk Gladiator on July 12, 2021.
             Was a High Priest of the Shining One.
             Slain by a tengu warrior (14 damage)
             ... on level 13 of the Dungeon.
             The game lasted 00:11:19 (11084 turns).

Demosthentine the Spear-Bearer (Merfolk Gladiator) Turns: 11084, Time: 00:11:20

Health: -2/100     AC: 10    Str: 17    XL:     12   Next: 71%
Magic:  26/26      EV: 20    Int:  7    God:    the Shining One [*****.]
Gold:   161        SH:  0    Dex: 18    Spells: 11/11 levels left

rFire    + . .     SeeInvis .   f - +4 trident (venom)
rCold    . . .     Faith    .   (no shield)
rNeg     + + .     Spirit   .   i - +0 troll leather armour {Purgy}
rPois    .         Reflect  .   u - +2 hat {Stlth+}
rElec    .         Harm     .   m - +0 cloak
rCorr    .         Rampage  .   D - +0 pair of gloves
Will     .....                  H - +0 pair of boots
Stlth    +.........             t - amulet of the acrobat
HPRegen  1.26/turn              j - ring of protection from fire
MPRegen  0.20/turn              s - ring of magical power

@: glowing
A: (nimble swimmer 2), mertail
a: Renounce Religion, Divine Shield, Cleansing Flame, Summon Divine Warrior


You were on level 13 of the Dungeon.
You worshipped the Shining One.
The Shining One was extremely pleased with you.
You visited 2 branches of the dungeon, and saw 14 of its levels.
You visited 1 bazaar.
You also visited: Sewer.

You collected 713 gold pieces.
You spent 552 gold pieces at shops.

Inventory:

Hand Weapons
 f - a +4 trident of venom (weapon)
 I - the +6 shillelagh "Devastator" {shatter}
   (You found it on level 10 of the Dungeon)
Missiles
 d - a throwing net (quivered)
 r - 4 boomerangs of dispersal
 v - a curare-tipped dart
Armour
 c - a +1 leather armour of fire resistance
 i - a +0 troll leather armour (worn) {Purgy}
 m - a +0 cloak (worn)
 n - quicksilver dragon scales
 p - +0 gold dragon scales
 u - a +2 hat of stealth (worn)
 D - a +0 pair of gloves (worn)
 H - a +0 pair of boots (worn)
 L - a +0 buckler
Jewellery
 h - an amulet of regeneration
 j - a ring of protection from fire (left hand)
 q - a ring of magical power
 s - a ring of magical power (right hand)
 t - an amulet of the acrobat (around neck)
 x - a ring of protection from cold
 M - an amulet of guardian spirit
Wands
 E - a wand of mindburst (31)
 F - a wand of polymorph (8)
 N - a wand of flame (24)
Scrolls
 a - 8 scrolls of teleportation
 g - 2 scrolls of fog
 l - 5 scrolls of magic mapping
 y - a scroll of blinking
 C - a scroll of identify
 J - a scroll of enchant armour
 K - a scroll of enchant weapon
Potions
 b - 2 potions of ambrosia
 e - 3 potions of flight
 k - 9 potions of curing
 o - 4 potions of brilliance
 w - 3 potions of mutation
 z - a potion of magic
 A - a potion of haste
 B - a potion of might
 G - 2 potions of attraction


   Skills:
 + Level 11.2 Fighting
 + Level 14.4 Polearms
 - Level 2.0 Throwing
 - Level 5.3 Armour
 + Level 13.4 Dodging
 + Level 3.8 Shields
 + Level 7.9 Invocations


You had 11 spell levels left.
You didn't know any spells.
Your spell library contained the following spells:

 Spells                   Type           Power      Damage    Failure   Level
 Animate Skeleton         Necr           0%         N/A       50%         1
 Beastly Appendage        Tmut           0%         N/A       50%         1
 Freeze                   Ice            0%         1d3       50%         1
 Pain                     Necr           0%         1d4       50%         1
 Sandblast                Erth           0%         2d4       50%         1
 Ensorcelled Hibernation  Hex/Ice        0%         N/A       63%         2
 Passwall                 Tmut/Erth      0%         N/A       63%         2
 Slow                     Hex            0%         N/A       63%         2
 Wereblood                Tmut           0%         N/A       63%         2
 Confusing Touch          Hex            0%         N/A       86%         3
 Conjure Flame            Conj/Fire      0%         6-21      86%         3
 Frozen Ramparts          Ice            0%         1d2       86%         3
 Ignite Poison            Fire/Tmut/Pois 0%         N/A       86%         3
 Spider Form              Tmut/Pois      0%         N/A       86%         3
 Summon Guardian Golem    Hex/Summ       0%         N/A       86%         3
 Vampiric Draining        Necr           0%         2d6       86%         3
 Hailstorm                Conj/Ice       0%         3d3       99%         4
 Sticky Flame             Conj/Fire      0%         2d3       99%         4
 Lee's Rapid Deconstruct  Erth           0%         3d5*      100%        5
 Yara's Violent Unravell  Hex/Tmut       0%         3d3       100%        5
 Conjure Ball Lightning   Conj/Air       0%         3x3d6     100%        6
 Shadow Creatures         Summ           N/A        N/A       100%        6
 Orb of Destruction       Conj           0%         N/A       100%        7
 Spellforged Servitor     Conj/Summ      0%         N/A       100%        7
 Discord                  Hex            0%         N/A       100%        8
 Disjunction              Tloc           0%         N/A       100%        8


Dungeon Overview and Level Annotations

Branches:
Dungeon (13/15)            Temple (1/1) D:4            Lair (0/6) D:11
    Orc (0/2) D:11          Sewer (visited)
 Vaults: D:13-14

Altars:
Ashenzari
Cheibriados
Dithmenos
Elyvilon
Fedhas
Gozag
Hepliaklqana
Kikubaaqudgha
Makhleb
Nemelex Xobeh
Okawaru
Qazlal
Ru
Sif Muna
Trog
Uskayaw
Vehumet
Wu Jian
Xom
Yredelemnul
Zin
The Shining One

Shops:
D:1 =   D:3 [

Portals:
Trove: D:10 (show slimy rune of Zot)


Innate Abilities, Weirdness & Mutations

((You are quick and stealthy near water. (Stealth+, EV+, Speed+++)))
Your lower body shifts to a powerful aquatic tail in water.


Message History

The quokka barely misses you.
A vault guard comes into view. It is wielding a +0 dire flail.
The tengu warrior closely misses you.
The tengu warrior pecks you but does no damage.
The tengu warrior claws you but does no damage.
You puncture the tengu warrior!
The tengu warrior looks as sick as possible!
The tengu warrior is moderately wounded.
The quokka bites you but does no damage.
The tengu warrior hits you with a +0 long sword.
The tengu warrior misses you. The tengu warrior closely misses you.
You puncture the tengu warrior!
The tengu warrior looks as sick as possible!
The tengu warrior is heavily wounded.
The quokka bites you but does no damage.
Unknown command.
You hit the tengu warrior.
The tengu warrior is heavily wounded.
The tengu warrior hits you with a +0 long sword!
* * * LOW HITPOINT WARNING * * *
The tengu warrior closely misses you. The tengu warrior claws you.
* * * LOW HITPOINT WARNING * * *
Unknown command.
You puncture the tengu warrior!
The tengu warrior looks as sick as possible!
The tengu warrior is severely wounded.
The quokka bites you but does no damage.
You hit the tengu warrior.
The tengu warrior looks as sick as possible!
The tengu warrior is almost dead.
The tengu warrior hits you with a +0 long sword.
* * * LOW HITPOINT WARNING * * *
The tengu warrior closely misses you. The tengu warrior claws you.
* * * LOW HITPOINT WARNING * * *
The quokka barely misses you.
Okay, then.
You miss the tengu warrior.
The tengu warrior is almost dead.
The tengu warrior hits you with a +0 long sword!
You die...

. . ##. ..# .#
#.#.#.# #.#...#
#Q##..#
####@....#
#...)r...#
#........####
#....p......##
######†......##
#........##
#.........#
##.#..#...#
#.##.#...#


You could see a vault guard, a tengu warrior (extremely poisoned) and a quokka.

Vanquished Creatures
  Snorg (D:12)
  3 boulder beetles
  3 hydras
  3 two-headed ogres
  2 tengu warriors (D:13)
  3 skeletal warriors
  A wizard (D:12)
  A deep elf pyromancer (D:12)
  2 ugly things
  2 gargoyles
  A kobold demonologist (D:9)
  A komodo dragon (D:11)
  A troll (D:9)
  2 hornets (D:11)
  The ghost of ColdPorridge the Insei, an amateur DgTm (D:4)
  2 wraiths
  3 vampires
  A shadow (D:9)
  4 yaks (D:12)
  A basilisk (D:11)
  3 steam dragons
  4 vampire mosquitoes (D:13)
  An acid dragon (D:8)
  A water moccasin (D:7)
  2 orc warriors
  A sky beast (D:7)
  2 ice beasts
  Purgy (Sewer)
  2 black bears
  An ogre (D:5)
  3 necrophages
  3 centaurs
  A phantom (D:3)
  A kobold brigand (D:7)
  2 bullfrogs
  2 gnoll sergeants
  A water moccasin zombie (D:5)
  A wyvern zombie (D:4)
  A scorpion (D:7)
  6 killer bees (D:7)
  3 howler monkeys
  16 wights
  An electric eel (D:8)
  2 bullfrog zombies
  A hound (D:4)
  A bullfrog skeleton (D:5)
  A human zombie (D:4)
  2 orc priests
  A centaur skeleton (D:7)
  Jessica (D:2)
  A gnoll shaman (D:8)
  An iguana (D:4)
  7 orc wizards
  A hound skeleton (D:5)
  4 mummies (D:4)
  3 howler monkey zombies
  14 gnolls
  A howler monkey skeleton (D:7)
  7 adders
  A white imp (D:6)
  2 adder zombies (D:4)
  2 adder skeletons
  2 worms (D:2)
  3 dart slugs
  33 orcs
  7 endoplasms
  3 giant cockroaches
  5 goblins
  4 hobgoblins
  7 jackals
  5 quokkas
  5 ball pythons
  7 bats
  5 frilled lizards
  11 kobolds
  5 rats
252 creatures vanquished.

Notes
Turn   | Place    | Note
-------+----------+-------------------------------------------
     0 | D:1      | Demosthentine the Merfolk Gladiator began the quest for the
                  | Orb.
     0 | D:1      | Reached XP level 1. HP: 16/16 MP: 1/1
   142 | D:1      | Found Xurreugaom's Jewellery Emporium.
   179 | D:1      | Reached XP level 2. HP: 21/23 MP: 2/2
   272 | D:1      | Found a faded altar of an unknown god.
   293 | D:1      | You fall into a shaft and drop 1 floor!
   320 | D:2      | Noticed Jessica
   333 | D:2      | Killed Jessica
   334 | D:2      | Reached skill level 5 in Polearms
   334 | D:2      | Reached XP level 3. HP: 13/28 MP: 3/3
   733 | D:1      | Reached skill level 1 in Armour
   825 | D:1      | Reached XP level 4. HP: 20/34 MP: 4/4
  1279 | D:1      | Identified a scroll of acquirement
  1280 | D:1      | Acquired a +3 trident of venom
  2049 | D:3      | Reached skill level 5 in Dodging
  2093 | D:3      | Reached XP level 5. HP: 41/41 MP: 5/5
  2093 | D:3      | Found a glowing drain.
  2102 | Sewer    | Entered a sewer
  2135 | Sewer    | Noticed Purgy
  2145 | Sewer    | Killed Purgy
  2146 | Sewer    | Reached skill level 6 in Polearms
  2308 | D:3      | Noticed a phantom
  2321 | D:3      | Killed a phantom
  2322 | D:3      | Reached XP level 6. HP: 48/48 MP: 6/6
  2480 | D:3      | Found Lesad's Antique Armour Shop.
  2828 | D:4      | Found a transporter.
  2840 | D:4      | Noticed ColdPorridge's ghost (amateur DgTm)
  2919 | D:4      | Found a transporter.
  2998 | D:4      | Found a staircase to the Ecumenical Temple.
  3025 | Temple   | Entered the Ecumenical Temple
  3206 | Temple   | Became a worshipper of the Shining One
  3385 | D:4      | Found an ancient bone altar of Kikubaaqudgha.
  3435 | D:4      | Noticed a necrophage
  3439 | D:4      | Killed a necrophage
  3440 | D:4      | Reached XP level 7. HP: 55/55 MP: 7/7
  3474 | D:4      | Reached * piety under the Shining One
  3475 | D:4      | Reached skill level 7 in Polearms
  3898 | D:4      | Reached skill level 5 in Fighting
  3917 | D:4      | Killed ColdPorridge's ghost
  3918 | D:4      | Reached skill level 8 in Polearms
  3918 | D:4      | Reached XP level 8. HP: 63/63 MP: 8/8
  3983 | D:5      | Entered Level 5 of the Dungeon
  4196 | D:5      | Found a shimmering altar of Xom.
  4280 | D:5      | Noticed a +0 hand axe
  4280 | D:5      | Noticed a +0 dagger
  4285 | D:5      | Found a hide-covered altar of Uskayaw.
  4304 | D:5      | Reached ** piety under the Shining One
  4328 | D:5      | Reached skill level 9 in Polearms
  4592 | D:6      | Reached XP level 9. HP: 70/70 MP: 9/9
  5417 | D:7      | Reached skill level 10 in Polearms
  6031 | D:8      | Found an opulent altar of Gozag.
  6032 | D:8      | Found a sparkling altar of Nemelex Xobeh.
  6091 | D:8      | Reached *** piety under the Shining One
  6119 | D:8      | Reached skill level 5 in Armour
  6137 | D:8      | Reached XP level 10. HP: 50/80 MP: 10/10
  6146 | D:8      | Reached skill level 10 in Dodging
  6369 | D:8      | Found a blossoming altar of Fedhas.
  6687 | D:8      | Reached skill level 11 in Polearms
  6929 | D:9      | Noticed a two-headed ogre
  6942 | D:9      | Killed a two-headed ogre
  7362 | D:9      | Noticed a two-headed ogre
  7373 | D:9      | Killed a two-headed ogre
  7468 | D:9      | Noticed a kobold demonologist
  7477 | D:9      | Killed a kobold demonologist
  7478 | D:9      | Reached skill level 12 in Polearms
  7736 | D:10     | Entered Level 10 of the Dungeon
  7818 | D:10     | Found a portal to a secret trove of treasure.
  7825 | D:10     | Noticed a gargoyle
  7843 | D:10     | Killed a gargoyle
  7845 | D:10     | Found a hazy altar of Hepliaklqana.
  8103 | D:10     | Noticed a red ugly thing
  8115 | D:10     | Killed a red ugly thing
  8116 | D:10     | Reached XP level 11. HP: 72/89 MP: 14/14
  8210 | D:10     | Found the +6 shillelagh "Devastator" {shatter}
  8321 | D:10     | Noticed a manticore
  8552 | D:11     | Reached **** piety under the Shining One
  8581 | D:11     | Found a gateway to a bazaar.
  8637 | Bazaar   | Entered a bazaar
  8637 | Bazaar   | Found Tedd's Antique Weapon Boutique.
  8637 | Bazaar   | Found Taps's Assorted Antiques.
  8649 | Bazaar   | Found Jilacw's Magic Scroll Shoppe.
  8677 | Bazaar   | Found Voifow's Assorted Antiques.
  8685 | Bazaar   | Found Uffu's Antique Armour Boutique.
  8701 | Bazaar   | Bought a potion of curing for 90 gold pieces
  8709 | Bazaar   | Bought a scroll of teleportation for 48 gold pieces
  8709 | Bazaar   | Bought a scroll of identify for 32 gold pieces
  8709 | Bazaar   | Bought a potion of curing for 48 gold pieces
  8709 | Bazaar   | Bought a scroll of magic mapping for 56 gold pieces
  8731 | Bazaar   | Bought a scroll of enchant armour for 97 gold pieces
  8731 | Bazaar   | Bought a scroll of magic mapping for 45 gold pieces
  8731 | Bazaar   | Bought a scroll of enchant weapon for 97 gold pieces
  8731 | Bazaar   | Bought a scroll of teleportation for 39 gold pieces
  8759 | D:11     | Found a staircase to the Orcish Mines.
  8808 | D:11     | Noticed a seven-headed hydra
  8809 | D:11     | Identified the +1 robe of the Tick {Rampage rElec Dex-2}
  8818 | D:11     | Killed a seven-headed hydra
  8819 | D:11     | Reached skill level 5 in Invocations
  9031 | D:11     | Found a staircase to the Lair.
  9385 | D:11     | Noticed a purple ugly thing
  9402 | D:11     | Killed a purple ugly thing
  9698 | D:12     | Noticed a boulder beetle
  9713 | D:12     | Killed a boulder beetle
  9714 | D:12     | Reached skill level 10 in Fighting
  9714 | D:12     | Reached skill level 13 in Polearms
  9734 | D:12     | Noticed a wizard
  9735 | D:12     | Noticed a skeletal warrior
  9736 | D:12     | Noticed a skeletal warrior
  9737 | D:12     | Noticed a skeletal warrior
  9740 | D:12     | Killed a wizard
  9768 | D:12     | Killed a skeletal warrior
  9801 | D:12     | HP: 4/91 [skeletal warrior[a skeletal warrior] (23)]
  9852 | D:11     | Killed a skeletal warrior
  9902 | D:12     | Killed a skeletal warrior
 10101 | D:12     | Noticed a five-headed hydra
 10108 | D:12     | Killed a five-headed hydra
 10109 | D:12     | Reached skill level 1 in Shields
 10109 | D:12     | Reached XP level 12. HP: 83/99 MP: 17/17
 10111 | D:12     | Noticed Snorg
 10126 | D:12     | Killed Snorg
 10361 | D:12     | Noticed a two-headed ogre
 10368 | D:12     | Killed a two-headed ogre
 10393 | D:12     | Reached skill level 14 in Polearms
 10482 | D:12     | Noticed a boulder beetle
 10496 | D:12     | Killed a boulder beetle
 10725 | D:13     | Reached ***** piety under the Shining One
 10765 | D:13     | Noticed a six-headed hydra
 10775 | D:13     | Killed a six-headed hydra
 10883 | D:13     | Noticed a tengu warrior
 10899 | D:13     | Killed a tengu warrior
 11032 | D:13     | Noticed a boulder beetle
 11050 | D:13     | Noticed a tengu warrior
 11050 | D:13     | Killed a boulder beetle
 11067 | D:13     | Noticed a tengu warrior
 11078 | D:13     | Killed a tengu warrior
 11078 | D:13     | Noticed a vault guard
 11084 | D:13     | Slain by a tengu warrior

Illustrated notes

Levels and vault maps discovered:
D:1:      heliophobic_arrival_dark_side_of_the_moon, layout_basic, serial_shops,
          shop, hellmonk_ecumenical_altar_lost_god, wad_floor_pattern_untrapped,
          minmay_cupped
D:2:      layout_loops_ring, uniq_jessica
D:3:      layout_loops_cross, portal_sewer_entry_d, serial_shops, shop
D:4:      layout_loops_ring, lemuel_mausoleum_altar_kikubaaqudgha,
          minmay_temple_entry_mini_moons, gammafunk_ghost_mausoleum,
          supply_closet_lemuel, kennysheep_small_square
D:5:      layout_rooms, dancing_weapons_uskayaw, kennysheep_little_box
D:6:      layout_gridville
D:7:      layout_basic
D:8:      layout_loops_ring, grunt_temple_overflow_opulence,
          fedhas_bush_and_centaur_altar, chequers_serial_rivers_small_a,
          grunt_decor_clamped, minivault_14
D:9:      layout_cave_pods
D:10:     layout_irregular_city, mainiacjoe_overflow_alcove_4, enter_trove_2,
          kennysheep_nub, grunt_tough_drop
D:11:     layout_long_grid, lair_entry_dummy, orc_0_dummy, serial_shops,
          bzr_entry_water
D:12:     layout_irregular_city, uniq_snorg
D:13:     layout_basic, erik_vaults_2, tgw_xom
Temple:   bh_familiar_temple

Skill      XL: |  1  2  3  4  5  6  7  8  9 10 11 12 |
---------------+-------------------------------------+-----
Polearms       | 5 6 8 9 10 12 13 14 | 14.4
Armour         | 1 2 3 4 5 |  5.3
Fighting       | 3 4 5 6 7 9 10 11 | 11.2
Dodging        | 5 6 7 8 9 11 12 13 | 13.4
Invocations    | 4 6 7 |  7.9
Shields        | 1 3 |  3.8
Throwing       | |  2.0

Action                   |  1- 3 |  4- 6 |  7- 9 | 10-12 || total
-------------------------+-------+-------+-------+-------++-------
Melee: Trident           |    87 |   157 |   323 |   505 ||  1072
       Tailslap          |       |       |     1 |       ||     1
Throw: Throwing net      |       |       |       |     4 ||     4
Invok: Divine Shield     |       |       |       |     1 ||     1
  Use: Scroll            |       |    10 |     9 |     6 ||    25
       Potion            |       |       |     1 |     4 ||     5
 Stab: Sleeping          |     2 |     6 |       |       ||     8
Armor: Leather armour    |    16 |    15 |       |       ||    31
       Troll leather arm |       |    11 |    46 |    65 ||   122
       Skin              |       |       |    25 |       ||    25
Dodge: Dodged            |    50 |    65 |   149 |   272 ||   536
Block: Other             |       |       |       |     7 ||     7

Table legend: (Time is in decaauts)
 A = Elapsed time spent in this place.
 B = Non-inter-level travel time spent in this place.
 C = Inter-level travel time spent in this place.
 D = Time resting spent in this place.
 E = Time spent auto-exploring this place.
 F = Levels seen in this place.
 G = Mean time per level.
                   A        B        C        D        E       F      G
               +--------+--------+--------+--------+--------+-----+--------+
         Total |  10876 |  10628 |    248 |     87 |   8558 |  16 |  679.8 |
       Dungeon |  10419 |  10171 |    248 |     87 |   8218 |  13 |  801.5 |
        Temple |    187 |    187 |      0 |      0 |    162 |   1 |  187.0 |
        Bazaar |    101 |    101 |      0 |      0 |     55 |   1 |  101.0 |
         Sewer |    168 |    168 |      0 |      0 |    123 |   1 |  168.0 |
               +--------+--------+--------+--------+--------+-----+--------+

Top non-repeatable levels by time:
    D:11: 1103 daAuts
     D:1: 1040 daAuts
     D:4: 984 daAuts
     D:2: 921 daAuts
     D:7: 914 daAuts
     D:9: 887 daAuts
    D:12: 869 daAuts
     D:8: 849 daAuts
    D:10: 766 daAuts
     D:3: 674 daAuts
     D:6: 595 daAuts
     D:5: 430 daAuts
    D:13: 381 daAuts
  Temple: 187 daAuts
   Sewer: 168 daAuts
